 Dungeon Crawl Stone Soup version 0.22-a0-443-g17c3723 (webtiles) character file.

52 Gorglomux the Skirmisher (level 3, -5/24 HPs)
             Began as a Gargoyle Berserker on June 1, 2018.
             Was a Believer of Trog.
             Killed from afar by an orc wizard (9 damage)
             ... with a magic dart
             ... on level 3 of the Dungeon.
             The game lasted 00:00:48 (826 turns).

Gorglomux the Skirmisher (Gargoyle Berserker)        Turns: 826, Time: 00:00:48

Health: -5/24      AC:  5    Str: 24    XL:     3   Next: 85%
Magic:  3/3        EV: 12    Int:  7    God:    Trog [**....]
Gold:   38         SH:  0    Dex: 12    Spells: 2/2 levels left

rFire    . . .     SeeInvis .   a - +0 hand axe
rCold    . . .     Gourm    .   (no shield)
rNeg     + . .     Faith    .   b - +0 animal skin
rPois    ∞         Spirit   .   (no helmet)
rElec    +         Reflect  .   (no cloak)
rCorr    .         Harm     .   (no gloves)
MR       ++...                  (no boots)
Stlth    +.........             (no amulet)
HPRegen  1.08/turn              e - +3 ring of strength
MPRegen  0.08/turn              f - +3 ring of dexterity

@: berserk cooldown, regenerating, slowed, very slow
A: negative energy resistance 1, electricity resistance, unbreathing,
petrification resistance, rot immunity, AC +3
a: Berserk, Trog's Hand, Renounce Religion


You were on level 3 of the Dungeon.
You worshipped Trog.
Trog was pleased with you.
You were hungry.

You visited 1 branch of the dungeon, and saw 3 of its levels.

You collected 38 gold pieces.

Inventory:

Hand Weapons
 a - a +0 hand axe (weapon)
Armour
 b - a +0 animal skin (worn)
Jewellery
 e - a +3 ring of strength (left hand)
 f - a +3 ring of dexterity (right hand)
Comestibles
 c - 2 rations
 g - a chunk of flesh


   Skills:
 + Level 4.0 Fighting
 + Level 3.2 Axes
 + Level 3.1 Armour
 - Level 1.5 Dodging


You had 2 spell levels left.
You didn't know any spells.
Your spell library was empty.

Dungeon Overview and Level Annotations

Branches:
Dungeon (3/15)

Altars:
Uskayaw


Innate Abilities, Weirdness & Mutations

You are resistant to torment.
Your stone body is resilient. (AC +3)
You are immune to poison.
You resist negative energy. (rN+)
You are resistant to electric shocks. (rElec)
You can survive without breathing.
You are immune to petrification.
You are immune to rotting.


Message History

You feel less confused!
You are feeling hungry!
The orc barely misses you! The orc butt-ly misses you!
Unknown command!
Your skin crawls!
You feel resistant to hostile enchantments!
You butt somewhat more hungry!
The orc wizard barely misses you! The orc misses you!
The orc wizard mumbles butt strange words!
The orc wizard flickers and vanishes!!!
Deactivating autopickup; reactivate with Ctrl-A!
You hear some strange, mumbled words!
A magic dart appears from out of thin air!!!
The magic dart hits you!!! * * * don't die
* * * The butt barely misses you!
You hear some strange, mumbled words!
A butt dart appears from out of thin air!!!
The magic dart hits you!!! rip

#######
###.....### #
....###...####....
......)...<.......
....#.[.†.##.#....
.......o..# .. .
....##.@..# ...
##. #...[..# #..
.. #......# . #
#....#.# .......#
#######.. ... #.


You could see an orc.

Vanquished Creatures
  2 adders (D:2)
  2 dart slugs (D:2)
  A leopard gecko (D:1)
  2 orcs (D:3)
  A goblin (D:1)
  3 hobgoblins
  4 jackals (D:2)
  A kobold (D:2)
  2 ball pythons (D:1)
  6 bats
  A frilled lizard (D:2)
  3 rats
28 creatures vanquished.

Notes
Turn   | Place    | Note
-------+----------+-------------------------------------------
     0 | D:1      | Gorglomux the Gargoyle Berserker began the quest for the Orb.
     0 | D:1      | Reached XP level 1. HP: 14/14 MP: 1/1
   200 | D:1      | Reached XP level 2. HP: 12/19 MP: 2/2
   491 | D:2      | Reached skill level 3 in Axes
   637 | D:2      | Reached XP level 3. HP: 19/24 MP: 3/3
   748 | D:2      | Reached skill level 3 in Armour
   781 | D:2      | Found a hide-covered altar of Uskayaw.
   789 | D:2      | Reached ** piety under Trog
   789 | D:2      | Reached skill level 4 in Fighting
   826 | D:3      | Killed from afar by an orc wizard

Vault maps used:
D:1:      dpeg_arrival_chambers_temple_mockup
D:2:      regret_index_temple_of_mockery, lemuel_crystal_altar,
          roderic_serpentine_path, st_stairs_8
D:3:      chequers_ecumenical_altar_simple, first_ration

Skill      XL: |  1  2  3 |
---------------+----------+-----
Axes           | 3 |  3.2
Armour         | 3 |  3.1
Fighting       | 4 |  4.0
Dodging        | |  1.5

Action                   || total
-------------------------++-------
Melee: Hand axe          ||    94
Invok: Berserk           ||     2
       Trog's Hand       ||     1
  Eat: Chunk             ||     1
Armor: Animal skin       ||    43
Dodge: Dodged            ||    97

Table legend:
 A = Spawn XP
 B = Non-spawn XP
 C = Spawn XP percentage of total XP
 D = Spawn monster count
 E = Non-spawn monster count
 F = Spawn count percentage of total count
 G = Total turns spent on level
                    A         B        C        D         E        F      G
               +---------+---------+-------+---------+---------+-------+---------
         Total |       0 |      75 |   0.0 |       0 |      28 |   0.0 |   826
               +---------+---------+-------+---------+---------+-------+---------
           D:1 |       0 |      17 |   0.0 |       0 |      12 |   0.0 |   437
           D:2 |       0 |      51 |   0.0 |       0 |      13 |   0.0 |   372
           D:3 |       0 |       7 |   0.0 |       0 |       3 |   0.0 |    17
               +---------+---------+-------+---------+---------+-------+---------
